AoeStats
← 蒙面可达鸭

Arabia

507737514Analyzed
1v1 RM · 13d ago on Sep 19, 2026· 40m 47s· 2 players
Game mode
Random Map
Map size
Tiny (2 player)
Population
200
Speed
Normal
Resources
Standard
Victory
Conquest
Starting age
Dark Age
Ending age
Imperial Age
RankedLock teamsTeams togetherTeam positionsShared explorationLock speedFull tech treeHidden civsTurbo modeCheats
Victory
Defeat
🇨🇳 Wei · China
1384
+15
🇹🇼 Huns · Taiwan
1364
-15
Ianna
2:44 Loom
9:38 Feudal Age
10:10 Double-Bit Axe
10:30 Horse Collar
20:25 Castle Age
18:43 Fletching
18:46 Gold Mining
20:25 Padded Archer Armor
21:35 Wheelbarrow
21:04 Crossbowman
22:10 Bow Saw
22:03 Heavy Plow
22:12 Bodkin Arrow
26:40 Scale Barding Armor
26:46 Forging
28:52 Chain Barding Armor
29:14 Bloodlines
29:06 Husbandry
30:19 Iron Casting
30:36 Stone Mining
32:23 Light Cavalry
蒙面可达鸭
6:29 Loom
9:00 Feudal Age
10:07 Double-Bit Axe
10:32 Horse Collar
22:28 Castle Age
20:25 Gold Mining
21:32 Stone Mining
22:49 Scale Barding Armor
22:56 Bloodlines
24:29 Wheelbarrow
29:10 Bow Saw
29:29 Husbandry
Connection lost

Rejoining the realm…

Still unreachable

The connection could not be restored.

Session expired

The server has moved on; the page needs a fresh start.